 Dungeon Crawl Stone Soup version 0.23.2 (webtiles) character file.

Game seed: 10240488203093872682

120 Freyura the Covered (level 5, -3/33 HPs)
             Began as a Gargoyle Fighter on Apr 10, 2019.
             Killed from afar by Sigmund (4 damage)
             ... with a magic dart
             ... on level 3 of the Dungeon.
             The game lasted 00:07:41 (1651 turns).

Freyura the Covered (Gargoyle Fighter)              Turns: 1651, Time: 00:07:41

Health: -3/33      AC: 11    Str: 24    XL:     5   Next: 4%
Magic:  5/5        EV:  7    Int:  9    God:
Gold:   140        SH:  9    Dex: 10    Spells: 4/4 levels left

rFire    . . .     SeeInvis .   a - +0 flail
rCold    . . .     Gourm    .   c - +0 shield
rNeg     + . .     Faith    .   b - +0 scale mail
rPois    ∞         Spirit   .   (no helmet)
rElec    +         Reflect  .   (no cloak)
rCorr    .         Harm     .   (no gloves)
MR       .....                  (no boots)
Stlth    ..........             (no amulet)
HPRegen  0.11/turn              (no ring)
MPRegen  0.09/turn              (no ring)

@: mighty
A: negative energy resistance 1, electricity resistance, unbreathing,
petrification resistance, rot immunity, AC +4
a: no special abilities


You were on level 3 of the Dungeon.
You were not hungry.

You visited 1 branch of the dungeon, and saw 3 of its levels.

You collected 140 gold pieces.

Inventory:

Hand Weapons
 a - a +0 flail (weapon)
Armour
 b - a +0 scale mail (worn)
 c - a +0 shield (worn)
Scrolls
 h - a scroll of blinking {unknown}
 i - 2 scrolls of identify {unknown}
 j - a scroll of fog {unknown}
 k - 2 scrolls of teleportation {unknown}
 l - 2 scrolls of remove curse {unknown}
 n - a scroll of noise {unknown}
Potions
 d - a potion of might
 e - 2 potions of curing {unknown}
 g - a potion of heal wounds {unknown}
 m - 2 potions of brilliance {unknown}
Comestibles
 f - 5 rations


   Skills:
 + Level 4.0 Fighting
 * Level 3.4 Maces & Flails
 + Level 4.1 Armour
 + Level 4.0 Shields


You had 4 spell levels left.
You didn't know any spells.
Your spell library was empty.

Dungeon Overview and Level Annotations

Branches:
Dungeon (3/15)

Altars:

Annotations:
D:1 1 exclusion
D:3 Sigmund


Innate Abilities, Weirdness & Mutations

You are resistant to torment.
Your stone body is resilient. (AC +4)
You are immune to poison.
You resist negative energy. (rN+)
You are resistant to electric shocks. (rElec)
You can survive without breathing.
You are immune to petrification.
You are immune to rotting.


Message History

You hear some strange, mumbled words.
A magic dart appears from out of thin air!
The magic dart hits you.
You miss something. Something hits you! The quokka bites you.
The quokka barely misses you. Something hits you but does no damage.
You barely miss something. You block the quokka's attack. Something hits you!
* * * LOW HITPOINT WARNING * * *
You block the quokka's attack.
You closely miss something. Something hits you.
* * * LOW HITPOINT WARNING * * *
You block the quokka's attack.
You miss something. Something hits you.
* * * LOW HITPOINT WARNING * * *
The quokka bites you but does no damage. x2
Something hits you but does no damage.
You miss something. You block the quokka's attack.
You hear some strange, mumbled words.
A magic dart appears from out of thin air!
The magic dart hits you.
You die...

<.......########
#............# ####
#............# #...
#............#####...
#...........††.......
#.....#######........
#.....# #........
#..r{.# #........
#...@.# #.....†..
#.....# #......†.
#.....#######........
#...........#........
#...........##..##.#+
#................#.#.
######.....♣♣♣♣♣.#.#.
#....♣♣ ♣..... #....♣
♣♣).##


You could see a quokka.

Vanquished Creatures
  5 adders
  An ooze (D:1)
  2 worms (D:3)
  2 dart slugs
  2 leopard geckos
  6 giant cockroaches
  12 goblins
  4 hobgoblins
  3 jackals (D:1)
  2 quokkas (D:3)
  A ball python (D:2)
  3 bats
  5 frilled lizards
  4 kobolds
  8 rats
60 creatures vanquished.

Notes
Turn   | Place    | Note
-------+----------+-------------------------------------------
     0 | D:1      | Freyura the Gargoyle Fighter began the quest for the Orb.
     0 | D:1      | Reached XP level 1. HP: 14/14 MP: 1/1
    36 | D:1      | Reached XP level 2. HP: 14/19 MP: 2/2
   562 | D:1      | Reached XP level 3. HP: 20/23 MP: 3/3
  1234 | D:2      | Reached XP level 4. HP: 27/29 MP: 4/4
  1596 | D:3      | Reached XP level 5. HP: 33/33 MP: 5/5
  1637 | D:3      | Noticed Sigmund
  1649 | D:3      | HP: 1/33 [something (2)]
  1651 | D:3      | Killed from afar by Sigmund

Skill      XL: |  1  2  3  4 |
---------------+-------------+-----
Maces & Flails | 3 |  3.4
Armour         | 4 |  4.1
Shields        | 4 |  4.0
Fighting       | 4 |  4.0

Action                   |  1- 3 |  4- 6 || total
-------------------------+-------+-------++-------
Melee: Flail             |   146 |    74 ||   220
  Use: Potion            |       |     1 ||     1
  Eat: Ration            |       |     2 ||     2
Armor: Scale mail        |    80 |    42 ||   122
Dodge: Dodged            |    47 |    18 ||    65
Block: Shield            |    77 |    40 ||   117
